 Dungeon Crawl Stone Soup version 0.30-a0-1103-g25895a7845 (webtiles) character file.

Game seed: 2127343278831227870

2 ytrimaz the Trooper (level 1, -3/18 HPs)
             Began as a Demonspawn Fighter on Apr 19, 2023.
             Slain by a worm (6 damage)
             ... on level 1 of the Dungeon.
             The game lasted 00:00:17 (244 turns).

ytrimaz the Trooper (Demonspawn Fighter)             Turns: 244, Time: 00:00:17

Health: -3/18      AC:  6    Str: 16    XL:     1   Next: 33%
Magic:  1/1        EV:  8    Int:  9    God:
Gold:   16         SH:  4    Dex: 12    Spells: 0/0 levels left

rFire   . . .      SeeInvis .    a - +0 war axe
rCold   + . .      Faith    .    c - +0 buckler
rNeg    . . .      Spirit   .    b - +0 scale mail
rPois   .          Reflect  .    (no helmet)
rElec   .          Rampage  .    (no cloak)
rCorr   .                        (no gloves)
Will    .....                    (no boots) Stlth
                                 (no amulet)
HPRegen 0.23/turn                e - ring of protection from cold
MPRegen 0.07/turn                (no ring)

@: no status effects
A: no striking features
a: no special abilities


You were on level 1 of the Dungeon.
You visited 1 branch of the dungeon, and saw 1 of its levels.

You collected 16 gold pieces.


   Skills:
 - Level 3.0 Fighting
 + Level 2.0 Axes
 - Level 2.6 Armour
 - Level 2.6 Shields


You couldn't memorise any spells.
You didn't know any spells.
Your spell library was empty.

Inventory:

Hand Weapons
 a - a +0 war axe (weapon)
Armour
 b - a +0 scale mail (worn)
 c - a +0 buckler (worn)
Jewellery
 e - a ring of protection from cold (left hand)
   (You found it on level 1 of the Dungeon)
Potions
 d - a potion of might

Dungeon Overview and Level Annotations

Branches:
Dungeon (1/15) Zot: 5748

Altars:

#.# #.# #.# ##+## #.#
##...## ######.#
##.....##
.......###.......##
##.....##.........######
#.......'............≈≈#
##.....##.......@w.§.!.#
#
#[.....###.......#.§.≈≈#
## # ....).## ##.....##
####. .## #.#####
##...## ### .. ......#
##+## ##.## .## #.###.#
#.# #.#.# ####.# #.# #.#
#.# #.#.######..#.#
#.###.#######.##
###.#..#...#.#.
#.........##...##
###.##.####.##


You could see a worm.


Message History

🤖 Initializing magus.rc ...
Options error: Delay interrupt name "hungry" not recognised. (~/.crawlrc:4375) Options error: Bad monster_list_colour key: strict_neutral (~/.crawlrc:4390) Bad channel name for runrest: 'pray:' ✅ Successfully initialized magus.rc [v1.9.6] Welcome, ytrimaz the Demonspawn Fighter.
They say the Orb of Zot lies within this dungeon, but they say a lot of things.
Press ? for a list of commands and other information.
Found a staircase leading out of the dungeon.
Setting a skill training target for Axes at 16.0.
You now have 10 gold pieces.
Key pressed, stopping explore.
Key pressed, stopping explore.
e - a ring of protection from cold You now have 12 gold pieces (gained 2).
Key pressed, stopping explore.
You open the door.
There is an open door here.
You open the door.
There is an open door here.
An endoplasm comes into view.
The endoplasm quivers.
An endoplasm is nearby!
e - a ring of protection from cold (left hand)
You hit the endoplasm. The endoplasm barely misses you.
You block the endoplasm's attack.
You completely miss the endoplasm. The endoplasm freezes you.
You are frozen.
You resist.
You hit the endoplasm.
You kill the endoplasm!
Unknown command.
No target in view!
No target in view!
Unknown command.
Key pressed, stopping explore.
Key pressed, stopping explore.
Unknown command.
A goblin comes into view. It is wielding a +0 club.
A goblin is nearby!
A goblin is nearby!
A goblin is nearby!
You slash the goblin!
You kill the goblin!
Your Axes skill increases to level 2!
Unknown command.
No target in view!
You open the door.
There is an open door here.
Key pressed, stopping explore.
Found an escape hatch in the floor.
You now have 16 gold pieces (gained 4).
A worm comes into view.
A worm is nearby!
You barely miss the worm. You slash the worm! The worm bites you! 😮 HP[-7]
You take 7 damage, and now have 11/18 hp.
MASSIVE DAMAGE!! (PAUSE)
You are too injured to fight recklessly!
You hit the worm. The worm barely misses you.
You are too injured to fight recklessly!
You barely miss the worm.
The worm barely misses you. 😮 HP[+1] Unknown command.
You barely miss the worm. The worm bites you.
* * * LOW HITPOINT WARNING * * *
You are too injured to fight recklessly! 😨 HP[-3]
You take 3 damage, and now have 9/18 hp.
You hit the worm but do no damage. The worm bites you!
* * * LOW HITPOINT WARNING * * *
You are too injured to fight recklessly! 😱 HP[-7]
You take 7 damage, and now have 2/18 hp.
MASSIVE DAMAGE!! (PAUSE)
You hit the worm. You block the worm's attack. 😱 HP[+1]
You are too injured to fight recklessly!
You hit the worm. The worm closely misses you.
You completely miss the worm. The worm bites you.
* * * LOW HITPOINT WARNING * * *
😱 HP[-1]
You take 1 damage, and now have 2/18 hp.
Unknown command.
You barely miss the worm. 😱 HP[+1]
You hit the worm. You block the worm's attack.
Unknown command.
You hit the worm. The worm bites you.
You die...

Skill      XL: |  1 |
---------------+----+-----
Axes           | 2 |  2.0
Fighting       | |  3.0
Armour         | |  2.6
Shields        | |  2.6

Action                     || total
---------------------------++-------
  Melee: War axe           ||    16
  Dodge: Dodged            ||     4
  Block: Buckler           ||     3

Levels and vault maps discovered:
D:1:      dpeg_arrival_brainrot, layout_loops_corners,
          chequers_serial_rivers_micro_a

Notes
Turn   | Place    | Note
-------+----------+-------------------------------------------
     0 | D:1      | ytrimaz the Demonspawn Fighter began the quest for the Orb.
     0 | D:1      | Reached XP level 1. HP: 18/18 MP: 1/1
     0 | D:1      | magus.rc [v1.9.6]
   204 | D:1      | Reached skill level 2 in Axes
   238 | D:1      | HP: 2/18 [worm (7)]
   244 | D:1      | Slain by a worm

Vanquished Creatures
  An endoplasm (D:1)
  A goblin (D:1)
2 creatures vanquished.

Table legend:
 A = Non-vault XP
 B = Vault XP
 C = Vault XP percentage of total XP
 D = Non-vault monster count
 E = Vault monster count
 F = Vault count percentage of total count
                 A         B        C        D         E       F
            +---------+---------+-------+---------+---------+-------
      Total |       4 |       0 |   0.0 |       2 |       0 |   0.0
            +---------+---------+-------+---------+---------+-------
        D:1 |       4 |       0 |   0.0 |       2 |       0 |   0.0
            +---------+---------+-------+---------+---------+-------

Illustrated notes

Table legend:
 A = Kills in this place as a percentage of kills in the entire game.
 B = Kills by you in this place as a percentage of kills by you in the entire game.
 C = Kills by friends in this place as a percentage of kills by friends in the entire game.
 D = Other kills in this place as a percentage of other kills in the entire game.
 E = Experience gained in this place as a percentage of experience gained in the entire game.
 F = Experience gained in this place divided by the number of levels of this place that you have seen.
                   A       B       C       D       E      F
               +-------+-------+-------+-------+-------+----------------------
         Total | 100.0 | 100.0 |   N/A |   N/A | 100.0 |   4.0
       Dungeon | 100.0 | 100.0 |   N/A |   N/A | 100.0 |   4.0
               +-------+-------+-------+-------+-------+----------------------

Table legend: (Time is in decaauts)
 A = Elapsed time spent in this place.
 B = Non-inter-level travel time spent in this place.
 C = Inter-level travel time spent in this place.
 D = Time resting spent in this place.
 E = Time spent auto-exploring this place.
 F = Levels seen in this place.
 G = Mean time per level.
                   A        B        C        D        E       F      G
               +--------+--------+--------+--------+--------+-----+--------+
         Total |    250 |    250 |      0 |      0 |    215 |   1 |  250.0 |
       Dungeon |    250 |    250 |      0 |      0 |    215 |   1 |  250.0 |
               +--------+--------+--------+--------+--------+-----+--------+

Top non-repeatable levels by time:
     D:1: 250 daAuts
